Map: Prion Terraces

Players

NYK - Winner!

  • Race: Zerg Zerg
  • League: Master

DIMAGA

  • Race: Zerg Zerg

VOD

http://www.twitch.tv/nyk_sc/v/32146119

Description

zvz 14 pool vs 14/14

Time

  • Played on: Dec. 27, 2015, 5:18 p.m.
  • Length: 13:26
Show
View Real Time Build Order
Export as new Build Order

NYK Zerg - Winner!

Build Orders: Pool First, Zergling Baneling 

Get SALT Encoding   

  12  0:01  Drone  
  13  0:09  Drone  
  14  0:17  Extractor  
  14  0:18  Drone  
  14  0:32  Spawning Pool  
  13  0:35  Drone  
  14  0:45  Overlord  
  14  0:48  Extractor  
  13  0:53  Drone  
  15  1:19  Zergling x6  
  15  1:20  Metabolic Boost  
  18  1:30  Zergling x2  
  18  1:31  Queen  
  21  1:41  Baneling Nest  
  21  1:45  Zergling x2  
  21  1:54  Overlord  
  21  2:06  Zergling x2  
  22  2:17  Zergling x2  
  23  2:25  Zergling x2  
  23  2:27  Baneling x2  
  24  2:37  Zergling x2  
  25  2:42  Zergling x2  
  25  2:43  Zergling x4  
  27  3:02  Zergling x4  
  28  3:08  Baneling  
  28  3:12  Zergling x2  
  28  3:13  Zergling x4  
  28  3:19  Zergling x2  
  30  3:23  Baneling x2  
  28  3:30  Zergling x2  
  26  3:46  Zergling x2  
  26  3:47  Zergling x2  
  25  3:50  Baneling x2  
  25  3:51  Baneling x3  
  25  4:05  Zergling x2  
  25  4:09  Hatchery  
  22  4:20  Zergling x4  
  20  4:27  Zergling x2  
  20  4:28  Zergling x2  
  20  4:31  Zergling x2  
  23  4:38  Zergling x2  
  23  4:43  Zergling x2  
  24  5:02  Drone  
  24  5:04  Queen  
  24  5:05  Drone x2  
  28  5:08  Drone  
  29  5:16  Overlord  
  29  5:23  Evolution Chamber  
  29  5:27  Drone  
  29  5:31  Drone  
  29  5:37  Drone x2  
  29  5:39  Drone  
  32  5:43  Drone  
  33  5:52  Zerg Ground Armor Level 1  
  33  6:02  Drone x3  
  36  6:04  Drone  
  37  6:15  Overlord  
  34  6:28  Zergling x2  
  34  6:29  Zergling x12  
  39  6:40  Roach Warren  
  38  6:49  Drone  
  38  6:50  Drone x3  
  40  7:02  Overlord x3  
  35  7:26  Roach x3  
  35  7:27  Roach x4  
  48  7:34  Zergling x8  
  52  7:42  Zergling x2  
  53  7:47  Zergling x2  
  54  7:55  Zergling x2  
  54  7:56  Zergling x2  
  56  8:04  Zergling x8  
  56  8:05  Zergling x4  
  62  8:07  Baneling  
  62  8:08  Baneling x7  
  62  8:13  Zergling x2  
  63  8:20  Zergling x4  
  61  8:38  Zergling x2  
  61  8:39  Zergling x14  
  64  8:51  Roach x2  
  63  8:59  Roach x2  
  62  9:06  Extractor  
  62  9:08  Drone x4  
  64  9:12  Extractor  
  64  9:14  Spine Crawler  
  64  9:16  Spine Crawler x2  
  50  9:28  Drone x2  
  49  9:34  Spine Crawler  
  49  9:35  Spine Crawler  
  49  9:36  Roach x5  
  50  9:48  Roach x2  
  50  9:49  Zergling x6  
  57  9:56  Roach  
  59  10:01  Roach  
  61  10:08  Zergling x2  
  61  10:09  Zergling x6  
  64  10:16  Roach  
  64  10:19  Roach x3  
  70  10:30  Roach  
  70  10:31  Roach  
  73  10:37  Zergling x2  
  73  10:38  Zergling x4  
  73  10:45  Roach x2  
  73  10:47  Overlord  
  75  10:56  Zergling x2  
  76  10:59  Overlord  
  76  11:06  Overlord  
  75  11:12  Zergling x6  
  77  11:28  Roach x3  
  77  11:31  Ravager x4  
  87  11:37  Roach x2  
  84  11:45  Roach x2  
  88  11:52  Roach  
  88  11:58  Ravager  
  88  12:00  Ravager  
  87  12:07  Roach x3  
  85  12:22  Roach x3  
  88  12:23  Roach  
  84  12:34  Roach x2  
  83  12:37  Ravager x2  
  83  12:41  Roach  
  87  12:45  Roach  
  87  12:50  Roach  
  91  12:52  Ravager x2  
  91  12:58  Overlord  
Show
View Real Time Build Order
Export as new Build Order

DIMAGA Zerg 

Build Orders: Pool First 

Get SALT Encoding   

  12  0:00  Drone  
  13  0:10  Drone  
  14  0:25  Spawning Pool  
  13  0:29  Drone  
  14  0:37  Drone, Extractor  
  14  0:39  Extractor  
  14  0:41  Drone  
  16  0:47  Overlord  
  16  1:11  Queen  
  16  1:12  Zergling x4  
  16  1:13  Zergling x2  
  21  1:24  Zergling x2  
  22  1:31  Hatchery  
  21  1:36  Overlord  
  21  1:48  Queen, Extractor  
  23  1:55  Drone  
  23  1:57  Drone  
  25  2:06  Spine Crawler  
  24  2:11  Spine Crawler  
  24  2:15  Drone  
  24  2:25  Queen  
  26  2:41  Zergling x6  
  26  2:42  Zergling x2  
  22  3:08  Queen  
  22  3:09  Queen  
  22  3:10  Zergling x4  
  26  3:21  Spine Crawler  
  26  3:24  Zergling x6  
  26  3:25  Zergling x2  
  24  3:36  Zergling x6  
  23  3:54  Zergling x4  
  25  4:08  Queen  
  25  4:09  Drone  
  29  4:10  Drone  
  23  4:20  Queen  
  23  4:25  Drone  
  23  4:30  Drone  
  25  4:39  Drone x2  
  25  4:41  Drone  
  28  4:54  Spore Crawler  
  28  4:59  Drone  
  28  5:00  Drone x3  
  32  5:07  Drone x2  
  32  5:09  Drone, Extractor  
  32  5:13  Overlord  
  34  5:22  Drone x2  
  34  5:25  Extractor  
  35  5:29  Drone  
  36  5:36  Drone  
  36  5:38  Drone x2  
  36  5:41  Overlord  
  39  5:43  Drone x3  
  39  5:48  Drone  
  43  5:52  Overlord, Drone  
  44  6:03  Drone x6  
  50  6:09  Overlord  
  50  6:13  Lair  
  48  6:24  Queen  
  45  6:37  Drone x8, Extractor  
  45  6:38  Extractor  
  49  6:41  Evolution Chamber  
  49  6:45  Roach Warren  
  45  7:08  Zergling x2  
  45  7:09  Zergling x12  
  50  7:17  Queen  
  50  7:21  Zerg Missile Weapons Level 1  
  43  7:29  Glial Reconstitution  
  41  7:31  Queen  
  41  7:35  Drone x4  
  47  7:39  Drone  
  47  7:40  Drone x3  
  51  7:50  Roach  
  53  7:52  Roach  
  53  7:53  Roach  
  57  8:04  Roach  
  59  8:07  Roach  
  59  8:09  Spine Crawler  
  60  8:13  Roach  
  60  8:18  Roach  
  64  8:28  Roach x2  
  58  8:34  Roach  
  58  8:36  Roach x2  
  58  8:38  Roach  
  58  8:40  Roach x3  
  67  8:45  Roach  
  67  8:48  Roach  
  62  8:51  Roach  
  53  8:57  Roach  
  53  9:01  Roach  
  53  9:06  Roach  
  53  9:07  Roach x2  
  50  9:17  Roach  
  45  9:26  Roach  
  46  9:32  Roach  
  48  9:40  Ravager  
  48  9:41  Ravager  
  48  9:43  Ravager  
  51  9:47  Ravager x2  
  51  9:48  Ravager x2  
  55  9:56  Roach  
  57  10:05  Ravager  
  58  10:17  Roach  
  60  10:22  Overlord  
  60  10:31  Roach  
  54  10:46  Roach x2  
  58  10:57  Ravager  
  58  10:58  Ravager  
  60  11:20  Roach x3  
  66  11:45  Roach x2  
  65  11:57  Ravager x2  
  67  12:09  Ravager x2  
  67  12:10  Overlord  
  67  12:14  Overlord  
  67  12:27  Roach  
  58  12:46  Roach  
  58  12:47  Roach  
Tags
 
Add a new tag
Caveats
  • Supply blocks, unpowered buildings, or Contaminate may cause inaccurate times.
  • Supply counts are checked every 10 seconds.